Cogmind - Beta 15 @@@ ROGUE MODE // 2025.08.20 @ 14:42:19 Player: YA-B01 Result: Destroyed by Striker with Plasma Lance Performance ------------- Evolutions (8) 4000 Regions Visited (24) 4800 Robots Destroyed (88) 440 Value Destroyed (2622) 2622 Prototype IDs (102) 2040 Alien Tech Used (10) 2000 Bonus (10586) 10586 TOTAL SCORE: 26488 Bonus ------- High Alert Combat Kills 35 Follower Combat Kills 1861 Delivered SUBCON Basin 2000 Registered with UFD 300 Met Optimus in HQ 500 Met Data Miner 300 Met Zhirov 300 Met Warlord at Base 500 MAIN.C Attacked Warlord 500 Used Core Reset Matrix 3000 Hacked Protovariant 1000 Scanned by Researcher 500 Friendly Fire -210 Cogmind --------- Core Integrity 0/1700 Matter 285/300 Energy 12/100 System Corruption 2% Temperature Cool (0) Movement Flying (29) Location -2/Section 7 Parts ------- > --- POWER (1) -------- (None) > --- PROPULSION (7) --- Cooled Nuclear Pulse Thruster Improved Diametric Drive > --- UTILITY (14) ----- Medium Storage Unit Experimental Optical Array Advanced Signal Interpreter Advanced Terrain Scanner Surveybot 17 Chip Improved Transmission Jammer Advanced Hacking Suite Advanced System Shield Amulet of Y3-NDR Microwarp Drive > --- WEAPON (2) ------- Nanosword > --- INVENTORY (10) --- Large Storage Unit Advanced Terrain Scanner Advanced System Shield Advanced Trap Extractor (0/8) Transdimensional Reconstructor Subatomic Replicator Gamma Bomb Array Micro-nuke Launcher Improved Plasma Cutter Phasing Sabre Peak State ------------ > --- POWER ------------ Fusion Reactor > --- PROPULSION ------- Impulse Thruster Field Propulsion Array Field Propulsion Array Field Propulsion Array > --- UTILITY ---------- Large Storage Unit Experimental Optical Array Advanced Sensor Array Advanced Signal Interpreter Advanced Terrain Scanner Surveybot 17 Chip Improved Transmission Jammer Advanced Hacking Suite Advanced Hacking Suite Advanced System Shield Microwarp Drive > --- WEAPON ----------- Improved Plasma Cutter Nanosword > --- INVENTORY -------- Light Antimatter Reactor Cooled Nuclear Pulse Thruster Improved Diametric Drive Medium Storage Unit Advanced Terrain Scanner Advanced System Shield Advanced Trap Extractor Amulet of Y3-NDR Transdimensional Reconstructor Core Reset Matrix Subatomic Replicator Gamma Bomb Array Micro-nuke Launcher Phasing Sabre [Rating: 179] Favorites ----------- Power Subdweller Power Source Engine Subdweller Power Source Power Core Neutrino Core Reactor Fusion Reactor Propulsion Light Treads Treads Light Treads Wheel Subdweller Monowheel Hover Unit Antigrav System Flight Unit Field Propulsion Array Utility High-capacity Storage Unit Device Advanced Sensor Array Storage High-capacity Storage Unit Processor Surveybot 17 Chip Hackware Advanced Hacking Suite Protection Light Armor Plating Artifact Microwarp Drive Weapon Subdweller Laser Energy Gun Subdweller Laser Energy Cannon Subdweller Beam Cannon Ballistic Gun Light Assault Rifle Ballistic Cannon Light Cannon Launcher Rocket Launcher Special Weapon Improved Plasma Cutter Slashing Weapon Power Sword Special Melee Weapon Improved Datajack Build | -11 -10 -10 -9 -9 -6 -6 -6 -6 -5 -5 -5 -5 -5 -4 -4 -4 -4 -4 -3 -3 -3 -2 -2 -2 ------- Run | Yrd Mat Sub Rec Scr Fac Low Low Dat Pro Fac Upp Upp Zhi Pro Fac Upp Upp War Pro Res Tes Res Qua Sec Slots Evolved 16 | . . . . . 8 . . . . 2 . . . . 2 . . . . 2 . 2 . . Power . | . . . . . . . . . . . . . . . . . . . . . . . . . Propulsion 5 | . . . . . 2 . . . . 2 . . . . . . . . . . . 1 . . Utility 11 | . . . . . 6 . . . . . . . . . 2 . . . . 2 . 1 . . Weapon . | . . . . . . . . . . . . . . . . . . . . . . . . . Parts Attached 135 | 6 5 16 1 8 41 1 7 . 5 13 . 1 1 . 8 . 1 4 1 2 4 4 1 5 Power 19 | 1 . 2 . 1 3 . 3 . 2 3 . . 1 . 2 . . . . . . . . 1 Engine 9 | 1 . 2 . 1 1 . 3 . . 1 . . . . . . . . . . . . . . Core 5 | . . . . . 2 . . . 1 2 . . . . . . . . . . . . . . Reactor 5 | . . . . . . . . . 1 . . . 1 . 2 . . . . . . . . 1 Propulsion 45 | 2 . 4 1 4 14 . 1 . 2 8 . . . . 4 . . . . . 2 . 1 2 Treads 6 | 2 . 1 . 2 1 . . . . . . . . . . . . . . . . . . . Leg . | . . . . . . . . . . . . . . . . . . . . . . . . . Wheel 8 | . . 3 1 2 2 . . . . . . . . . . . . . . . . . . . Hover 1 | . . . . . . . . . 1 . . . . . . . . . . . . . . . Flight 30 | . . . . . 11 . 1 . 1 8 . . . . 4 . . . . . 2 . 1 2 Utility 52 | 1 3 4 . 3 21 1 2 . 1 2 . 1 . . 2 . 1 2 1 2 1 3 . 1 Device 27 | . 1 3 . 3 10 1 2 . . 1 . 1 . . . . . 1 1 . 1 2 . . Storage 5 | 1 2 . . . 1 . . . . . . . . . . . . . . . . 1 . . Processor 11 | . . . . . 7 . . . . . . . . . 2 . 1 1 . . . . . . Hackware 7 | . . . . . 3 . . . 1 1 . . . . . . . . . 2 . . . . Protection 1 | . . 1 . . . . . . . . . . . . . . . . . . . . . . Artifact 1 | . . . . . . . . . . . . . . . . . . . . . . . . 1 Weapon 19 | 2 2 6 . . 3 . 1 . . . . . . . . . . 2 . . 1 1 . 1 Energy Gun 2 | . . 2 . . . . . . . . . . . . . . . . . . . . . . Energy Cannon 1 | . . 1 . . . . . . . . . . . . . . . . . . . . . . Ballistic Gun 4 | 2 2 . . . . . . . . . . . . . . . . . . . . . . . Ballistic Cannon 1 | . . 1 . . . . . . . . . . . . . . . . . . . . . . Launcher 2 | . . . . . 1 . . . . . . . . . . . . . . . . . . 1 Special Weapon 1 | . . . . . . . . . . . . . . . . . . . . . . 1 . . Impact Weapon . | . . . . . . . . . . . . . . . . . . . . . . . . . Slashing Weapon 7 | . . 2 . . 2 . . . . . . . . . . . . 2 . . 1 . . . Piercing Weapon . | . . . . . . . . . . . . . . . . . . . . . . . . . Special Melee Weapon 1 | . . . . . . . 1 . . . . . . . . . . . . . . . . . Unidentified Prototypes 19 | . . 1 . . . . 1 . . . . . 2 . 1 . 1 2 . . 4 . . 7 Parts Lost 28 | . . . . . 11 2 . . . . . . . . 3 . . . . . 1 1 1 9 Power 4 | . . . . . 1 . . . . . . . . . 1 . . . . . . . . 2 Propulsion 11 | . . . . . 4 2 . . . . . . . . . . . . . . . . 1 4 Utility 10 | . . . . . 5 . . . . . . . . . 1 . . . . . . 1 . 3 Weapon 3 | . . . . . 1 . . . . . . . . . 1 . . . . . 1 . . . Highest Loss Streak 8 | . . . . . 6 2 . . . . . . . . 1 . . . . . 1 1 1 8 To Critical Strikes . | . . . . . . . . . . . . . . . . . . . . . . . . . Average Backups 13 | 3 15 18 4 17 10 9 9 10 10 10 10 10 9 10 9 10 10 10 9 9 9 8 13 14 Power . | . 1 1 1 . . . . . . . 1 1 . 1 . . . . . . . . . . Propulsion 2 | 2 4 5 . 4 2 . . . . . . . . . . 1 1 1 . 1 1 1 1 1 Utility 6 | . 6 7 3 8 6 8 8 9 9 7 7 7 6 6 5 6 6 6 6 5 5 4 5 4 Weapon 2 | . 2 4 . 3 1 1 1 1 1 1 . . . . . . . . . . 1 1 2 3 Tool/Special . | . . . . . . . . . . . . . . . . . . . . . . . . . Unused Backups 50 | 1 . 19 . 5 5 1 3 . 2 3 . 1 . . 1 . . 1 . . . 1 2 5 Power 5 | . . 2 . 1 . . . . . 1 . . . . 1 . . . . . . . . . Propulsion 11 | 1 . 5 . . 2 . . . . . . . . . . . . 1 . . . 1 1 . Utility 21 | . . 6 . 2 2 1 3 . 2 2 . 1 . . . . . . . . . . . 2 Weapon 10 | . . 6 . 2 1 . . . . . . . . . . . . . . . . . . 1 Tool/Special 3 | . . . . . . . . . . . . . . . . . . . . . . . 1 2 Average Slot Usage (%) 92 | . 99 98 100 97 80 78 81 93 98 91 88 88 88 88 79 78 79 83 84 81 85 82 83 70 Engine 8 | . 14 14 14 14 1 . 4 6 5 . . . . . . . . . . . . . . . Treads 8 | . 28 20 . 8 . . . . . . . . . . . . . . . . . . . . Wheel 7 | . . 8 28 17 2 . . . . . . . . . . . . . . . . . . . Flight 8 | . . . . . 22 19 17 20 20 26 23 23 23 23 15 15 15 15 15 13 13 15 16 14 Device 14 | . 13 13 14 13 14 9 12 13 13 11 11 11 12 17 22 21 20 19 19 18 18 19 20 13 Storage 10 | . 14 14 14 14 6 6 6 6 6 5 5 5 5 5 5 5 5 5 5 4 4 4 4 4 Processor 7 | . . . . . 17 20 20 20 20 17 17 17 15 11 10 15 18 20 20 18 18 16 16 12 Hackware 5 | . . . . . 6 13 13 13 13 11 11 11 11 11 10 10 10 10 10 13 18 16 16 12 Energy Gun 5 | . . 9 14 14 . . . . . . . . . . . . . . . . . . . . Energy Cannon 3 | . . 1 14 14 . . . . . . . . . . . . . . . . . . . . Ballistic Gun 3 | . 28 6 . . . . . . . . . . . . . . . . . . . . . . Slashing Weapon 3 | . . 6 . . 1 3 3 6 6 5 5 5 5 5 5 5 5 8 7 4 4 4 4 4 Peak Build Rating 179 | 7 9 32 33 19 63 65 65 65 76 94 94 94 96 89 116 116 121 130 129 136 145 155 154 179 Average Rating 49 | 5 8 15 32 17 44 53 59 65 68 80 93 93 92 89 107 116 119 126 126 131 139 147 152 163 On Entrance 80 | . 7 9 32 16 15 63 43 65 65 62 94 93 93 89 89 116 116 121 128 128 136 135 150 147 Naked Turns . | . . . . . . . . . . . . . . . . . . . . . . . . . Heaviest Build 62 | 13 49 58 58 59 62 22 24 19 28 30 33 36 35 35 39 31 31 36 39 36 34 46 44 46 Greatest Support 62 | 40 40 40 20 40 40 22 20 20 24 40 40 40 40 40 45 45 45 45 45 45 45 52 52 62 Greatest Overweight (x) 19 | . 1 5 5 19 6 4 3 . 2 1 . . . . 1 . . . . . 1 . . 1 Average Overweight (x) . | . . 2 2 3 . . . . . . . . . . . . . . . . . . . . Largest Inventory Capacity 20 | 8 20 20 20 20 20 10 10 10 10 10 10 10 10 10 10 10 10 10 10 10 10 15 15 15 Average Capacity 15 | 7 19 20 20 20 11 10 10 10 10 10 10 10 10 10 10 10 10 10 10 10 10 10 15 14 Most Carried 20 | 8 20 20 20 20 20 10 10 10 10 10 10 10 10 10 10 10 10 10 10 10 10 11 15 15 Average Carried 15 | 4 15 19 19 18 10 9 9 10 9 9 10 9 9 10 9 10 10 10 9 9 9 9 14 14 Final Capacity 20 | 8 20 20 20 20 10 10 10 10 10 10 10 10 10 10 10 10 10 10 10 10 10 15 15 10 Final Carried 20 | 8 20 20 6 20 10 10 10 10 10 10 10 10 10 10 10 10 10 10 10 9 10 11 15 10 Class Distribution -------------------- 43% | Mutant 15% | Trapper-Scout 14% | Scavenger-Mutant 6% | Hacker-Mutant 4% | Trapper-Mutant 4% | Hacker-Scout 3% | Hacker-Ninja Dominant Class ---------------- Mutant | -10/Materials Mutant | -10/Subcaves Scavenger-Mutant | -9/Recycling Mutant | -9/Scraptown Scavenger-Scout | -6/Factory Hacker-Mutant | -6/Lower Caves Hacker-Mutant | -6/Lower Caves Trapper-Mutant | -6/Data Miner Trapper-Mutant | -5/Proximity Caves Trapper-Scout | -5/Factory Trapper-Scout | -5/Upper Caves Trapper-Scout | -5/Upper Caves Trapper-Scout | -5/Zhirov Trapper-Ninja | -4/Proximity Caves Trapper-Scout | -4/Factory Trapper-Scout | -4/Upper Caves Trapper-Scout | -4/Upper Caves Trapper-Scout | -4/Warlord Trapper-Scout | -3/Proximity Caves Hacker-Scout | -3/Research Hacker-Scout | -3/Testing Hacker-Ninja | -2/Research Hacker-Ninja | -2/Quarantine Hacker-Ninja | -2/Section 7 Resources | -11 -10 -10 -9 -9 -6 -6 -6 -6 -5 -5 -5 -5 -5 -4 -4 -4 -4 -4 -3 -3 -3 -2 -2 -2 ----------- Run | Yrd Mat Sub Rec Scr Fac Low Low Dat Pro Fac Upp Upp Zhi Pro Fac Upp Upp War Pro Res Tes Res Qua Sec Matter Collected 2875 | 253 189 279 10 90 488 89 279 . 70 162 110 62 63 43 232 16 30 . 105 30 130 40 . 105 Remotely . | . . . . . . . . . . . . . . . . . . . . . . . . . Salvage Created 3778 | 80 270 261 578 . 682 35 110 . 56 629 52 28 66 . 535 . 29 . 66 25 46 84 . 146 Parts 204 | 12 29 17 28 . 30 2 7 . 3 29 1 2 1 . 22 . 2 . 7 1 3 3 . 5 Haulers Intercepted 5 | . 1 . . . . . . . . 2 . . . . 2 . . . . . . . . . Recyclers Shooed 5 | . . . 2 . 3 . . . . . . . . . . . . . . . . . . . Parts Field Recycled . | . . . . . . . . . . . . . . . . . . . . . . . . . Retrieved Matter . | . . . . . . . . . . . . . . . . . . . . . . . . . Parts Self-Destructed 98 | . . 28 . . . 2 4 . 8 . . 1 . . . 18 12 . 25 . . . . . Prevented 42 | . . . . . . . . . 16 . . . . . . 1 19 . 6 . . . . . Kills | -11 -10 -10 -9 -9 -6 -6 -6 -6 -5 -5 -5 -5 -5 -4 -4 -4 -4 -4 -3 -3 -3 -2 -2 -2 ------- Run | Yrd Mat Sub Rec Scr Fac Low Low Dat Pro Fac Upp Upp Zhi Pro Fac Upp Upp War Pro Res Tes Res Qua Sec Combat Hostiles Destroyed 38 | . 8 7 2 . 4 2 . . 2 3 1 . . . 7 . 1 . 1 . . . . . Melee 9 | . . . . . 1 . . . 2 . 1 . . . 3 . 1 . 1 . . . . . Guns 16 | . 8 7 1 . . . . . . . . . . . . . . . . . . . . . Cannons 2 | . . . 1 . 1 . . . . . . . . . . . . . . . . . . . AOE 11 | . . . . . 2 2 . . . 3 . . . . 4 . . . . . . . . . Classes Destroyed 17 | 2 6 3 . . 3 . 1 . . . 1 . . . . . . . . . . . . 1 Worker 2 | . . . . . 1 . . . . 1 . . . . . . . . . . . . . . Builder 9 | . 1 . 1 . 2 . . . . 3 . . . . . . . . . . . 2 . . Tunneler 3 | 3 . . . . . . . . . . . . . . . . . . . . . . . . Hauler 5 | . 1 . . . . . . . . 2 . . . . 2 . . . . . . . . . Recycler 13 | 1 . . 5 . 4 . . . . 3 . . . . . . . . . . . . . . Minesweeper 3 | . . . . . . . 2 . . . . 1 . . . . . . . . . . . . Operator 2 | . 1 . . . . . . . . . . . . . . . . . . 1 . . . . Turret 1 | . . 1 . . . . . . . . . . . . . . . . . . . . . . Watcher 9 | . 1 . . . . . . . . 4 . . . . 2 . . . . . 1 1 . . Swarmer 20 | . 6 4 . . 2 2 . . 2 . . . . . 3 . 1 . . . . . . . Grunt 6 | . 2 . . . . . . . . 3 . . . . 1 . . . . . . . . . Brawler 1 | . . . . . 1 . . . . . . . . . . . . . . . . . . . Researcher 2 | . . . . . . . . . . . . . . . . . . . . . . . . 2 Sentry 3 | . . 1 2 . . . . . . . . . . . . . . . . . . . . . Programmer 5 | . . . . . 1 . . . . . . . . . 3 . . . 1 . . . . . Subdweller 3 | . . 2 1 . . . . . . . . . . . . . . . . . . . . . Fireman 1 | . . . . . . . . . . . 1 . . . . . . . . . . . . . Best Kill Streak 13 | 4 3 2 5 . 4 2 1 . 1 13 1 1 . . 3 . 1 . 1 1 1 1 . 1 Combat Bots Only 3 | . 3 2 2 . 3 2 . . 1 3 1 . . . 3 . 1 . 1 . . . . . Max Kills in Single Turn 4 | 1 1 2 2 . 2 2 1 . 1 4 1 1 . . 1 . 1 . 1 1 1 1 . 1 Gunslinging 1 | . . 1 . . . . . . . . . . . . . . . . . . . . . . Exploded 2 | . . . . . 2 2 . . . 1 . . . . 1 . . . . . . . . . Melee 1 | . . . . . 1 . . . 1 . 1 . . . 1 . 1 . 1 . . . . . Uniques/NPCs Destroyed . | . . . . . . . . . . . . . . . . . . . . . . . . . Combat | -11 -10 -10 -9 -9 -6 -6 -6 -6 -5 -5 -5 -5 -5 -4 -4 -4 -4 -4 -3 -3 -3 -2 -2 -2 -------- Run | Yrd Mat Sub Rec Scr Fac Low Low Dat Pro Fac Upp Upp Zhi Pro Fac Upp Upp War Pro Res Tes Res Qua Sec Hostile Shots Fired 331 | . 25 74 . . 23 16 . . 1 18 2 . . . 26 4 . 2 . 3 7 5 5 120 Missed 132 | . 3 23 . . 8 6 . . 1 15 . . . . 13 3 . 1 . 3 3 3 2 48 Hits 199 | . 22 51 . . 15 10 . . . 3 2 . . . 13 1 . 1 . . 4 2 3 72 Melee 9 | . . . . . . . . . . . . . . . . . . . . . . . . 9 Projectile 190 | . 22 51 . . 15 10 . . . 3 2 . . . 13 1 . 1 . . 4 2 3 63 Critical Strikes 8 | . . 1 . . 1 . . . . . . . . . 2 . . . . . . . . 4 Part Disruptions 4 | . . . . . . . . . . . . . . . 2 . . . . . . . . 2 Damage Taken 5878 | . 195 619 . . 711 177 . . 18 70 42 . . 40 466 12 . 22 72 48 113 66 101 3106 Core 2264 | . 19 138 . . 287 74 . . . 23 . . . 40 75 12 . . 36 . . . 21 1539 Absorbed by Shields . | . . . . . . . . . . . . . . . . . . . . . . . . . Regen/Repaired (Parts) 622 | . . . . . 36 . . . . 15 . . . . 13 . . 20 . . . 105 . 433 Core Remaining (%) 79 | 100 . . . 37 . . . . 57 . . . . 93 . . . . 89 . 100 . . . Volleys Fired 125 | 8 41 29 11 . 16 1 7 . . . 2 . . 3 7 . . . . . . . . . Largest 2 | 2 2 2 2 . 2 1 1 . . . 1 . . 1 1 . . . . . . . . . Hottest 140 | 40 40 140 140 . 140 33 33 . . . 33 . . 33 33 . . . . . . . . . Shots Fired 211 | 16 82 51 22 . 20 1 7 . . . 2 . . 3 7 . . . . . . . . . Gun 147 | 16 82 34 11 . 4 . . . . . . . . . . . . . . . . . . . Cannon 41 | . . 17 11 . 13 . . . . . . . . . . . . . . . . . . . Launcher 23 | . . . . . 3 1 7 . . . 2 . . 3 7 . . . . . . . . . Special . | . . . . . . . . . . . . . . . . . . . . . . . . . Kinetic 138 | 16 82 40 . . . . . . . . . . . . . . . . . . . . . . Thermal 50 | . . 11 22 . 17 . . . . . . . . . . . . . . . . . . . Explosive 23 | . . . . . 3 1 7 . . . 2 . . 3 7 . . . . . . . . . Electromagnetic . | . . . . . . . . . . . . . . . . . . . . . . . . . Robot Hit Streak 9 | 4 4 9 5 . 8 . . . . . . . . . 9 . . . . . . . . . Robot Miss Streak 5 | 2 5 4 2 . 2 . . . . . . . . . 1 . . . . . . . . . Penetration Max . | . . . . . . . . . . . . . . . . . . . . . . . . . Secondary Targets 1 | . . 1 . . . . . . . . . . . . . . . . . . . . . . Max Gunslinging Chain 1 | . . 1 . . . . . . . . . . . . . . . . . . . . . . Shots Hit Robots 181 | 8 44 29 12 . 28 . 5 1 4 4 2 3 4 . 20 . 1 . 2 3 1 4 1 5 Core Hits 132 | 7 17 15 9 . 13 2 2 . 2 29 2 1 1 . 26 . 1 . . . 1 3 . 1 Critical Kills 1 | . . 1 . . . . . . . . . . . . . . . . . . . . . . Critical Parts Destroyed . | . . . . . . . . . . . . . . . . . . . . . . . . . Critical Strikes 7 | . . 2 . . 2 . . . 1 . . . . . 1 . . . . . . . 1 . Destroy 1 | . . 1 . . . . . . . . . . . . . . . . . . . . . . Sever 6 | . . 1 . . 2 . . . 1 . . . . . 1 . . . . . . . 1 . Melee Attacks 349 | . . 41 . . 41 11 13 1 7 62 4 5 4 4 51 . 6 . 4 7 24 26 15 23 Impact . | . . . . . . . . . . . . . . . . . . . . . . . . . Slashing 343 | . . 41 . . 41 11 13 . 6 61 4 5 1 4 51 . 6 . 4 7 24 26 15 23 Piercing . | . . . . . . . . . . . . . . . . . . . . . . . . . Sneak Attacks 24 | . . . . . 7 . 2 1 1 2 . 1 3 . 2 . . . 1 . . 2 . 2 Combat Hostiles 1 | . . . . . . . . . . . . . . . . . . . 1 . . . . . Follow-up Attacks . | . . . . . . . . . . . . . . . . . . . . . . . . . Damage Inflicted 9254 | 103 463 455 399 . 1518 108 328 . 141 2148 217 184 96 . 1627 . 37 . 175 167 95 405 61 527 Guns 999 | 89 443 200 207 . 60 . . . . . . . . . . . . . . . . . . . Cannons 647 | . . 157 192 . 298 . . . . . . . . . . . . . . . . . . . Explosions 3271 | . . . . . 250 108 . . . 1981 121 . . . 811 . . . . . . . . . Melee 4303 | . . 98 . . 910 . 328 . 141 167 96 184 96 . 816 . 37 . 175 167 95 405 61 527 Ramming 34 | 14 20 . . . . . . . . . . . . . . . . . . . . . . . Kinetic 776 | 89 443 244 . . . . . . . . . . . . . . . . . . . . . . Thermal 1098 | . . 113 399 . 358 . . . . . . . . . 228 . . . . . . . . . Explosive 2849 | . . . . . 250 108 . . . 1903 121 . . . 467 . . . . . . . . . Electromagnetic 194 | . . . . . . . . . . 78 . . . . 116 . . . . . . . . . Impact . | . . . . . . . . . . . . . . . . . . . . . . . . . Slashing 4303 | . . 98 . . 910 . 328 . 141 167 96 184 96 . 816 . 37 . 175 167 95 405 61 527 Piercing . | . . . . . . . . . . . . . . . . . . . . . . . . . Highest Corruption 7 | . . . . . 1 . . . . . . . . . 3 3 3 3 . 1 1 . . 7 Average Corruption 1 | . . . . . 1 . . . . . . . . . 1 3 3 3 . 1 1 . . 1 Corruption Purged 1 | . . . . . 1 . . . . . . . . . . . . . . . . . . . Corruption Blocked . | . . . . . . . . . . . . . . . . . . . . . . . . . Effects 21 | . . . . . 1 . . . . . . . . . 4 2 7 . . . 5 . . 2 Message Errors 9 | . . . . . 1 . . . . . . . . . 2 1 2 . . . 2 . . 1 Matter Fused 3 | . . . . . . . . . . . . . . . 1 . . . . . 2 . . . Heat Flow Errors 2 | . . . . . . . . . . . . . . . . . 2 . . . . . . . Energy Discharges 3 | . . . . . . . . . . . . . . . . 1 2 . . . . . . . Data Loss (minor) 2 | . . . . . . . . . . . . . . . 1 . 1 . . . . . . . Data Loss (major) 1 | . . . . . . . . . . . . . . . . . . . . . . . . 1 Alerts 1 | . . . . . . . . . . . . . . . . . . . . . 1 . . . Overload Shots . | . . . . . . . . . . . . . . . . . . . . . . . . . Overflow Damage 1087 | . . . . . 285 . 128 . . 71 34 56 . . 134 . . . 56 67 . 25 . 231 Projectiles . | . . . . . . . . . . . . . . . . . . . . . . . . . Explosions 162 | . . . . . . . . . . 71 . . . . 91 . . . . . . . . . Melee 925 | . . . . . 285 . 128 . . . 34 56 . . 43 . . . 56 67 . 25 . 231 Knockbacks 2 | . . 2 . . . . . . . . . . . . . . . . . . . . . . Impact . | . . . . . . . . . . . . . . . . . . . . . . . . . Kinetic 2 | . . 2 . . . . . . . . . . . . . . . . . . . . . . Secondary . | . . . . . . . . . . . . . . . . . . . . . . . . . Self-Inflicted Damage 204 | . . . . . 28 . . . . . . . . 40 136 . . . . . . . . . Shots 6 | . . . . . 1 . . . . . . . . 1 4 . . . . . . . . . Rammed 14 | 10 4 . . . . . . . . . . . . . . . . . . . . . . . Targets Rammed 15 | 10 5 . . . . . . . . . . . . . . . . . . . . . . . Kicked . | . . . . . . . . . . . . . . . . . . . . . . . . . Crushed 1 | . 1 . . . . . . . . . . . . . . . . . . . . . . . Highest Temperature 252 | . 6 33 139 . 212 . . . . 7 1 . . . . . 252 . . . . . . . Average Temperature 54 | . 6 21 53 . 70 . . . . 3 1 . . . . . 105 . . . . . . . Received Heat Transfer 450 | . 12 201 . . 60 72 . . 9 9 9 . . . 21 . . . 12 . 9 9 . 27 Siege Activations . | . . . . . . . . . . . . . . . . . . . . . . . . . Martial Activations . | . . . . . . . . . . . . . . . . . . . . . . . . . Shielding Activations . | . . . . . . . . . . . . . . . . . . . . . . . . . Robots Disrupted . | . . . . . . . . . . . . . . . . . . . . . . . . . Combat Hostiles . | . . . . . . . . . . . . . . . . . . . . . . . . . Robots Corrupted 1 | . . . . . . . . . . . . . . . 1 . . . . . . . . . Combat Hostiles . | . . . . . . . . . . . . . . . . . . . . . . . . . Parts Fried 1 | . . . . . . . . . . . . . . . 1 . . . . . . . . . Impact Corruptions . | . . . . . . . . . . . . . . . . . . . . . . . . . Robots Melted . | . . . . . . . . . . . . . . . . . . . . . . . . . Combat Hostiles . | . . . . . . . . . . . . . . . . . . . . . . . . . Parts Melted . | . . . . . . . . . . . . . . . . . . . . . . . . . Heat Transferred 1240 | . . 149 509 . 482 . . . . . . . . . 100 . . . . . . . . . Parts Sabotaged . | . . . . . . . . . . . . . . . . . . . . . . . . . Parts Stolen . | . . . . . . . . . . . . . . . . . . . . . . . . . Parts Stripped . | . . . . . . . . . . . . . . . . . . . . . . . . . Power Chain Reactions 1 | . . . . . . . . . . . . . . . 1 . . . . . . . . . Alert | -11 -10 -10 -9 -9 -6 -6 -6 -6 -5 -5 -5 -5 -5 -4 -4 -4 -4 -4 -3 -3 -3 -2 -2 -2 ------- Run | Yrd Mat Sub Rec Scr Fac Low Low Dat Pro Fac Upp Upp Zhi Pro Fac Upp Upp War Pro Res Tes Res Qua Sec Maximum Alert Level 3 | . . . . . 1 . . . . 3 . . . . 2 . . . . . . . . 1 Low Security (%) 77 | 100 100 . 100 . 72 . . . . 33 . . . . 16 . . . . 100 100 100 100 67 Level 1 12 | . . . . . 27 . . . . . . . . . 65 . . . . . . . . 32 Level 2 7 | . . . . . . . . . . 40 . . . . 18 . . . . . . . . . Level 3 3 | . . . . . . . . . . 25 . . . . . . . . . . . . . . Level 4 . | . . . . . . . . . . . . . . . . . . . . . . . . . Level 5 . | . . . . . . . . . . . . . . . . . . . . . . . . . High Security . | . . . . . . . . . . . . . . . . . . . . . . . . . Max Security . | . . . . . . . . . . . . . . . . . . . . . . . . . Peak Influence 907 | 10 70 . 100 . 359 . . . . 907 . . . . 530 . . . . 148 120 102 161 289 Initial 73 | . . . 73 . . . . . . 17 . . . . . . . . . 35 39 58 33 48 Average 146 | 1 15 . 37 . 149 . . . . 471 . . . . 282 . . . . 67 63 63 97 175 Influence Increases 7796 | 20 281 318 321 . 983 235 18 . 352 1299 . 5 . . 1282 530 310 15 258 295 449 250 214 361 Destroy 0b10 Robot/C 2320 | . 160 180 60 . 280 40 . . 240 60 . . . . 420 300 220 . 180 100 40 . . 40 Destroy 0b10 Robot/NC 285 | 20 20 . 35 . 45 . 15 . . 65 . 5 . . 40 . . . 5 10 5 20 . . Destroy Leader 324 | . 44 10 . . 54 . . . 10 12 . . . . 80 40 . . 30 40 2 2 . . Allied During Kill 719 | . . 53 70 . 181 . 3 . 57 . . . . . 77 130 60 . 43 43 2 . . . Trap Triggered on 0b10 110 | . . . . . . . . . . 20 . . . . 30 . . . . 10 50 . . . Successful Hack 490 | . 12 . 33 . 25 . . . . 116 . . . . 48 . . . . 10 53 69 124 . Select Force Hacks 270 | . 30 . 120 . 60 . . . . . . . . . 30 . . . . 30 . . . . Disable Machine 765 | . . . . . 120 . . . . 315 . . . . 135 . . . . . 105 . 45 45 Destroy Structure 638 | . . . 3 . 53 . . . . 156 . . . . 212 . . . . 22 102 54 30 6 Partial Spotted 270 | . . . . . 45 . . . . 105 . . . . 30 . . . . 15 15 . . 60 Lose Combat Pursuer 1605 | . 15 75 . . 120 195 . . 45 450 . . . . 180 60 30 15 . 15 75 105 15 210 Influence Decreases 7617 | 20 275 171 459 15 928 263 45 . 324 426 494 348 64 . 752 397 441 532 220 278 415 294 187 269 Entered New Map 1645 | . . 4 80 15 . 21 6 . . 11 334 78 64 . . 197 127 532 15 18 31 46 27 39 Time Decay 4414 | 20 275 163 379 . 472 222 39 . 269 415 160 270 . . 342 120 214 . 162 100 314 198 140 140 Lost Part 280 | . . . . . 110 20 . . . . . . . . 30 . . . . . 10 10 10 90 Lost Ally 1042 | . . 4 . . 260 . . . 55 . . . . . 230 80 100 . 43 160 60 40 10 . Purge Threat 236 | . . . . . 86 . . . . . . . . . 150 . . . . . . . . . Squads Dispatched 66 | . 4 . . . 14 . . . . 14 . . . . 13 . 1 . . 5 7 3 3 2 Investigation 29 | . 1 . . . 10 . . . . 7 . . . . 6 . 1 . . 1 1 1 1 . Extermination 16 | . . . . . 3 . . . . 3 . . . . 3 . . . . . 2 2 2 1 Reinforcement 15 | . 3 . . . 1 . . . . 3 . . . . 4 . . . . 1 2 . . 1 Assault 3 | . . . . . . . . . . 1 . . . . . . . . . . 2 . . . Garrison 3 | . . . . . . . . . . . . . . . . . . . . 3 . . . . Intercept . | . . . . . . . . . . . . . . . . . . . . . . . . . Searches Triggered . | . . . . . . . . . . . . . . . . . . . . . . . . . Data Miner Redirects 3 | . . . . . . . . . . . . . . . . . . . . . 3 . . . Construction Impeded 3 | . . . . . 1 . . . . 1 . . . . 1 . . . . . . . . . Haulers Reinforced 3 | . . . . . . . . . . 1 . . . . 1 . . . . . 1 . . . Active Scanning Responses . | . . . . . . . . . . . . . . . . . . . . . . . . . Cargo Convoy Interrupts . | . . . . . . . . . . . . . . . . . . . . . . . . . Stealth | -11 -10 -10 -9 -9 -6 -6 -6 -6 -5 -5 -5 -5 -5 -4 -4 -4 -4 -4 -3 -3 -3 -2 -2 -2 --------- Run | Yrd Mat Sub Rec Scr Fac Low Low Dat Pro Fac Upp Upp Zhi Pro Fac Upp Upp War Pro Res Tes Res Qua Sec Distress Signals 17 | . 1 . . . 2 . . . . 3 . . . . 4 . . . 1 2 2 1 . 1 Communications Jammed 16 | . . . . . . . . . . . . . . . . . . . . . . 6 . 10 Distress Signals 16 | . . . . . . . . . . . . . . . . . . . . . . 6 . 10 Times Spotted 234 | . 20 25 1 . 22 13 1 . 4 20 5 . . . 30 9 5 7 3 5 18 10 4 32 Peak Tracking Total 13 | . 3 4 . . 5 5 1 . 3 9 4 . . . 7 5 5 7 3 3 6 7 2 13 Tactical Retreats 49 | . 1 2 . . 4 8 1 . 1 9 . . . . 6 3 1 1 . 1 3 3 1 4 Traps | -11 -10 -10 -9 -9 -6 -6 -6 -6 -5 -5 -5 -5 -5 -4 -4 -4 -4 -4 -3 -3 -3 -2 -2 -2 ------- Run | Yrd Mat Sub Rec Scr Fac Low Low Dat Pro Fac Upp Upp Zhi Pro Fac Upp Upp War Pro Res Tes Res Qua Sec Traps Triggered 4 | . 1 . . . 3 . . . . . . . . . . . . . . . . . . . Indirectly . | . . . . . . . . . . . . . . . . . . . . . . . . . Trap Hack Attempts 62 | . . . . . . . . . . 41 . . . . . . . . . 21 . . . . Triggered 1 | . . . . . . . . . . . . . . . . . . . . 1 . . . . Disarmed 2 | . . . . . . . . . . 1 . . . . . . . . . 1 . . . . Reprogrammed 21 | . . . . . . . . . . 12 . . . . 6 . . . . 3 . . . . Reused 13 | . . . . . . . . . 1 2 . . . . 3 . . . 1 1 5 . . . Traps Extracted 10 | . . . . . . . . . . 6 . 3 . . . . . . 1 . . . . . Installed 18 | . . . . . . . . . 1 3 . . . . . . . . 2 . 12 . . . Triggered 13 | . . . . . . . . . 1 2 . . . . 3 . . . 1 1 5 . . . Most Traps Carried 14 | . . . . . . . 10 10 10 12 12 14 14 14 14 14 14 14 14 12 12 . . . Objects Rigged 15 | . . . . . . . . . . 10 . . . . 5 . . . . . . . . . Exploded 5 | . . . . . . . . . . 3 . . . . 2 . . . . . . . . . Machines | -11 -10 -10 -9 -9 -6 -6 -6 -6 -5 -5 -5 -5 -5 -4 -4 -4 -4 -4 -3 -3 -3 -2 -2 -2 ---------- Run | Yrd Mat Sub Rec Scr Fac Low Low Dat Pro Fac Upp Upp Zhi Pro Fac Upp Upp War Pro Res Tes Res Qua Sec Machines Disabled 59 | . . 2 . . 8 . . . 2 21 . . . . 9 . 2 . . . 7 1 3 4 Max in Single Turn 6 | . . 1 . . 3 . . . . 6 . . . . 4 . . . . . 1 1 1 1 Garrison Access 3 | . . . . . . . . . . . . . . . 1 . . . . . 1 1 . . Machines Repaired . | . . . . . . . . . . . . . . . . . . . . . . . . . Machines Dismantled . | . . . . . . . . . . . . . . . . . . . . . . . . . Machines Sabotaged . | . . . . . . . . . . . . . . . . . . . . . . . . . Overloaded Fab Kills . | . . . . . . . . . . . . . . . . . . . . . . . . . Hacking | -11 -10 -10 -9 -9 -6 -6 -6 -6 -5 -5 -5 -5 -5 -4 -4 -4 -4 -4 -3 -3 -3 -2 -2 -2 --------- Run | Yrd Mat Sub Rec Scr Fac Low Low Dat Pro Fac Upp Upp Zhi Pro Fac Upp Upp War Pro Res Tes Res Qua Sec Machines Accessed 161 | . 3 4 12 11 22 1 1 4 . 25 . 1 5 . 17 1 2 8 1 3 13 8 12 7 Terminals 69 | . 2 . 6 . 11 . . . . 13 . . . . 7 . 1 . 1 1 9 1 10 7 Fabricators 13 | . . . . . 2 . . . . 4 . . . . 2 . . . . 1 2 2 . . Repair Stations 5 | . . . . . 1 . . . . 2 . . . . 1 . . . . . . 1 . . Recycling Units 20 | . 1 . 4 . 5 . . . . 5 . . . . 4 . . . . . . 1 . . Scanalyzers 9 | . . . . . 2 . . . . . . . . . 1 . . . . 1 1 2 2 . Garrison Access 6 | . . . . . 1 . . . . 1 . . . . 2 . . . . . 1 1 . . Total Hacks 539 | . 12 8 46 73 51 1 1 31 . 92 . 1 17 . 58 1 9 17 1 8 37 27 37 11 Successful 396 | . 6 8 37 73 30 1 1 31 . 52 . 1 17 . 35 1 9 17 1 4 22 14 26 10 Failed 142 | . 5 . 9 . 21 . . . . 40 . . . . 23 . . . . 4 15 13 11 1 Catastrophic 14 | . . . . . 8 . . . . 4 . . . . 1 . . . . . 1 . . . Database Lockouts 1 | . 1 . . . . . . . . . . . . . . . . . . . . . . . Manual 200 | . 7 . 17 . 28 . . . . 56 . . . . 36 . . 1 . 6 17 13 14 5 Terminals 244 | . 10 . 17 . 33 . . . . 65 . . . . 34 . 8 . 1 2 27 3 33 11 Fabricators 39 | . . . . . 3 . . . . 9 . . . . 9 . . . . 5 6 7 . . Repair Stations 14 | . . . . . 2 . . . . 7 . . . . 2 . . . . . . 3 . . Recycling Units 38 | . 2 . 5 . 9 . . . . 9 . . . . 8 . . . . . . 5 . . Scanalyzers 15 | . . . . . 2 . . . . . . . . . 1 . . . . 1 1 6 4 . Garrison Access 14 | . . . . . 2 . . . . 2 . . . . 4 . . . . . 3 3 . . Terminal Hacks 257 | . 4 8 26 73 8 1 1 31 . 15 . 1 17 . 7 1 9 17 1 1 13 2 12 9 Record 136 | . . 5 24 68 . . 1 11 . . . 1 6 . . . 8 7 1 . . . 4 . Part Schematic 16 | . 2 . . . . . . 11 . . . . 3 . . . . . . . . . . . Robot Schematic 6 | . . . . . . . . 6 . . . . . . . . . . . . . . . . Robot Analysis 9 | . . . . 4 . . . . . 1 . . 4 . . . . . . . . . . . Prototype ID Bank 26 | . . . 2 . 2 . . 3 . 3 . . 4 . 1 . . 8 . . 1 . 1 1 Open Door 11 | . . 1 . . . 1 . . . . . . . . . 1 1 2 . . . . . 5 Level Access Points 2 | . . . . . . . . . . . . . . . . . . . . . . 1 1 . Branch Access Points 5 | . . . . . 1 . . . . . . . . . . . . . . 1 1 1 1 . Emergency Access Points 1 | . . . . . . . . . . . . . . . . . . . . . . . 1 . Terminal Index 3 | . . . . . 1 . . . . 1 . . . . 1 . . . . . . . . . Recycling Unit Index 1 | . . . . . . . . . . 1 . . . . . . . . . . . . . . Alert Level 6 | . . . . . 1 . . . . 1 . . . . 2 . . . . . 1 . 1 . Unreport Threat 2 | . . . . . 1 . . . . . . . . . 1 . . . . . . . . . Locate Traps 7 | . 1 . . . . . . . . 2 . . . . 1 . . . . . 2 . . 1 Reprogram Traps 2 | . . . . . . . . . . 1 . . . . 1 . . . . . . . . . Extermination Status 1 | . . . . . . . . . . . . . . . . . . . . . 1 . . . Reinforcement Status 1 | . . . . . . . . . . 1 . . . . . . . . . . . . . . Recall Investigation 2 | . . . . . . . . . . 1 . . . . . . . . . . . . 1 . Recall Extermination 5 | . . . . . 1 . . . . 2 . . . . . . . . . . 1 . 1 . Registered Components 2 | . . . . . 1 . . . . 1 . . . . . . . . . . . . . . Registered Prototypes 1 | . . . . . . . . . . . . . . . . . . . . . . . 1 . Zone Layout 1 | . 1 . . . . . . . . . . . . . . . . . . . . . . . Proto ID Catalog 2 | . . 1 . 1 . . . . . . . . . . . . . . . . . . . . Protovariant Controls 6 | . . . . . . . . . . . . . . . . . . . . . 6 . . . Activate Exoskeleton 2 | . . . . . . . . . . . . . . . . . . . . . . . . 2 Release Object 1 | . . 1 . . . . . . . . . . . . . . . . . . . . . . Fabricator Hacks 7 | . . . . . 3 . . . . . . . . . 2 . . . . . 2 . . . Load Schematic 3 | . . . . . 1 . . . . . . . . . 1 . . . . . 1 . . . Build 4 | . . . . . 2 . . . . . . . . . 1 . . . . . 1 . . . Repair Station Hacks 9 | . . . . . 2 . . . . 3 . . . . 2 . . . . . . 2 . . Scan Component 5 | . . . . . 1 . . . . 2 . . . . 1 . . . . . . 1 . . Repair 4 | . . . . . 1 . . . . 1 . . . . 1 . . . . . . 1 . . Recycling Unit Hacks 8 | . 1 . . . 1 . . . . 3 . . . . 2 . . . . . . 1 . . Retrieve Components 8 | . 1 . . . 1 . . . . 3 . . . . 2 . . . . . . 1 . . Scanalyzer 7 | . . . . . . . . . . . . . . . . . . . . . . 4 3 . Insert Component 6 | . . . . . . . . . . . . . . . . . . . . . . 3 3 . Analyze 1 | . . . . . . . . . . . . . . . . . . . . . . 1 . . Garrison Access Hacks 3 | . . . . . . . . . . . . . . . 1 . . . . . 1 1 . . Seal Access 3 | . . . . . . . . . . . . . . . 1 . . . . . 1 1 . . Unauthorized Hacks 105 | . 1 . 11 . 16 . . . . 31 . . . . 21 . . . . 3 6 4 11 1 Terminals 66 | . . . 7 . 9 . . . . 21 . . . . 13 . . . . . 5 . 10 1 Track 2 | . . . . . . . . . . 1 . . . . 1 . . . . . . . . . Assimilate 13 | . . . . . . . . . . 3 . . . . 3 . . . . . 4 . 3 . Botnet 19 | . . . 2 . 4 . . . . 6 . . . . 3 . . . . . 1 . 3 . Detonate 2 | . . . . . . . . . . 1 . . . . 1 . . . . . . . . . Operators 2 | . . . . . . . . . . 2 . . . . . . . . . . . . . . Skim 28 | . . . 5 . 5 . . . . 8 . . . . 5 . . . . . . . 4 1 Fabricators 12 | . . . . . . . . . . 4 . . . . 3 . . . . 2 . 3 . . Report 4 | . . . . . . . . . . 1 . . . . 1 . . . . 1 . 1 . . Liberate 7 | . . . . . . . . . . 2 . . . . 2 . . . . 1 . 2 . . Fabnet 1 | . . . . . . . . . . 1 . . . . . . . . . . . . . . Repair Stations 1 | . . . . . . . . . . 1 . . . . . . . . . . . . . . Mechanics 1 | . . . . . . . . . . 1 . . . . . . . . . . . . . . Recycling Units 20 | . 1 . 4 . 5 . . . . 5 . . . . 4 . . . . . . 1 . . Tunnel 5 | . 1 . 4 . . . . . . . . . . . . . . . . . . . . . Fedlink 15 | . . . . . 5 . . . . 5 . . . . 4 . . . . . . 1 . . Scanalyzers 6 | . . . . . 2 . . . . . . . . . 1 . . . . 1 1 . 1 . Researchers 2 | . . . . . . . . . . . . . . . . . . . . . 1 . 1 . Extract 4 | . . . . . 2 . . . . . . . . . 1 . . . . 1 . . . . Garrison Access . | . . . . . . . . . . . . . . . . . . . . . . . . . Data Cores Recovered . | . . . . . . . . . . . . . . . . . . . . . . . . . Used . | . . . . . . . . . . . . . . . . . . . . . . . . . Hacking Detections 86 | . 2 . 7 . 16 . . . . 20 . . . . 11 . 1 . . 2 10 5 9 3 Full Trace Events 8 | . . . . . 2 . . . . 2 . . . . 1 . 1 . . . 1 . 1 . Feedback Events . | . . . . . . . . . . . . . . . . . . . . . . . . . Feedback Blocked . | . . . . . . . . . . . . . . . . . . . . . . . . . Robot Schematics Acquired 7 | . . . . . . . . 6 . . . . . . . . . . . . . . . 1 Robots Built 2 | . . . . . . . . . . . . . . . 1 . . . . . 1 . . . Authchips . | . . . . . . . . . . . . . . . . . . . . . . . . . Time 225 | . . . . . . . . . . . . . . . 169 . . . . . 56 . . . Total Robot Build Rating 12 | . . . . . . . . . . . . . . . 6 . . . . . 6 . . . Part Schematics Acquired 75 | . 2 . . . 24 6 8 11 4 8 2 . 3 . 1 . . . . 1 . 1 . 4 Parts Built 2 | . . . . . 2 . . . . . . . . . . . . . . . . . . . Authchips . | . . . . . . . . . . . . . . . . . . . . . . . . . Time 106 | . . . . . 106 . . . . . . . . . . . . . . . . . . . Total Part Build Rating 12 | . . . . . 12 . . . . . . . . . . . . . . . . . . . Parts Repaired 4 | . . . . . 1 . . . . 1 . . . . 1 . . . . . . 1 . . Time 147 | . . . . . 44 . . . . 22 . . . . 50 . . . . . . 31 . . Parts Recycled . | . . . . . . . . . . . . . . . . . . . . . . . . . Recycled Matter . | . . . . . . . . . . . . . . . . . . . . . . . . . Retrieved Matter . | . . . . . . . . . . . . . . . . . . . . . . . . . Retrieved Components 12 | . 3 . . . . . . . . 5 . . . . 2 . . . . . . 2 . . Parts Scanalyzed 1 | . . . . . . . . . . . . . . . . . . . . . . 1 . . Part Schematics Acquired 1 | . . . . . . . . . . . . . . . . . . . . . . 1 . . Parts Damaged . | . . . . . . . . . . . . . . . . . . . . . . . . . Bothacking | -11 -10 -10 -9 -9 -6 -6 -6 -6 -5 -5 -5 -5 -5 -4 -4 -4 -4 -4 -3 -3 -3 -2 -2 -2 ------------ Run | Yrd Mat Sub Rec Scr Fac Low Low Dat Pro Fac Upp Upp Zhi Pro Fac Upp Upp War Pro Res Tes Res Qua Sec Used RIF Installer . | . . . . . . . . . . . . . . . . . . . . . . . . . Robots Hacked 7 | . . . . . . . . 1 1 . . . 3 . 1 1 . . . . . . . . Non-combat . | . . . . . . . . . . . . . . . . . . . . . . . . . Combat 7 | . . . . . . . . 1 1 . . . 3 . 1 1 . . . . . . . . Robot Hacks Applied 5 | . . . . . . . . 1 1 . . . 3 . . . . . . . . . . . parse_system 5 | . . . . . . . . 1 1 . . . 3 . . . . . . . . . . . Relay Couplers Released . | . . . . . . . . . . . . . . . . . . . . . . . . . Fabnet Peak Effective % 3 | . . . . . . . . . . . . . . 3 3 3 3 3 1 1 1 . . . Autooverrided 2 | . . . . . . . . . . . . . . . 1 1 . . . . . . . . Robots Rewired 1 | . . . . . . . . . 1 . . . . . . . . . . . . . . . Allies Hacked 1 | . . . . . . . . . . . . . . . . . . . . . 1 . . . Hacks Repelled . | . . . . . . . . . . . . . . . . . . . . . . . . . Allies | -11 -10 -10 -9 -9 -6 -6 -6 -6 -5 -5 -5 -5 -5 -4 -4 -4 -4 -4 -3 -3 -3 -2 -2 -2 -------- Run | Yrd Mat Sub Rec Scr Fac Low Low Dat Pro Fac Upp Upp Zhi Pro Fac Upp Upp War Pro Res Tes Res Qua Sec Total Allies 80 | . . 15 . . . . 6 . 7 . . . . . 15 9 8 . 8 6 3 2 1 . Largest Group 14 | . . 14 14 13 13 . 4 . 3 . . . . . 6 4 4 3 5 4 2 2 1 . Highest-Rated Group 393 | . . 266 266 247 247 . 324 . 243 . . . . . 393 324 324 234 382 318 98 128 45 . Highest-Rated Ally 81 | . . 19 19 19 19 . 81 . 81 . . . . . 81 81 81 81 81 81 81 64 45 . Total Orders 6 | . . . . . . . . . 3 . . . . . 2 . . . . . 1 . . . STAY 3 | . . . . . . . . . 1 . . . . . 1 . . . . . 1 . . . ROAM 1 | . . . . . . . . . 1 . . . . . . . . . . . . . . . FOLLOW 2 | . . . . . . . . . 1 . . . . . 1 . . . . . . . . . Ally Attacks 392 | . . 43 5 . 98 . . . 32 . . . . . 63 21 23 . 59 30 14 4 . . Total Damage 12808 | . . 755 62 . 1329 . . . 1648 . . . . . 2302 1189 1305 . 1686 893 1443 196 . . Kills 97 | . . 4 2 . 12 . . . 13 . . . . . 20 16 11 . 10 6 2 1 . . Allies Corrupted 2 | . . . . . . . . . . . . . . . . . . . . . . 2 . . Allies Melted 1 | . . . . . . . . . . . 1 . . . . . . . . . . . . . Intel | -11 -10 -10 -9 -9 -6 -6 -6 -6 -5 -5 -5 -5 -5 -4 -4 -4 -4 -4 -3 -3 -3 -2 -2 -2 ------- Run | Yrd Mat Sub Rec Scr Fac Low Low Dat Pro Fac Upp Upp Zhi Pro Fac Upp Upp War Pro Res Tes Res Qua Sec Active Infowar (turns) 17370 | . 1346 2291 . 3372 1126 429 1154 144 1009 1083 320 595 88 239 788 255 440 310 495 202 704 403 286 291 Optics 4859 | . . . . 1370 . . . . . . . . . . 103 255 440 310 495 202 704 403 286 291 Sensors 11018 | . . . . 1039 886 429 1065 144 1009 1083 320 595 88 239 772 255 440 310 495 202 704 401 286 256 Terrain 9716 | . . 1295 . 963 1027 201 178 . . 964 320 421 85 239 738 255 440 310 429 202 698 403 286 262 Structural 450 | . . . . . 450 . . . . . . . . . . . . . . . . . . . Traps 3709 | . . . . . 104 . . . . . . 127 . . 787 255 440 310 495 202 226 403 286 74 Seismic 2342 | . 1346 996 . . . . . . . . . . . . . . . . . . . . . . Decoding 2754 | . . . . . . . . . . . . . . . . . 308 310 495 202 704 403 286 46 T.N.C. 14 | . . . . . 14 . . . . . . . . . . . . . . . . . . . Jamming 357 | . . . . . . . . . . . . . . . . . . . . . . 131 108 118 ECM 47 | . . . . . . 46 . . . . . . 1 . . . . . . . . . . . Robot Analysis Total 9 | . . . . 4 . . . . . 1 . . 4 . . . . . . . . . . . Derelict Logs Recovered 17 | . . 2 . . . 2 2 . 1 . 2 2 . 2 . 2 2 . . . . . . . Drone Launches . | . . . . . . . . . . . . . . . . . . . . . . . . . Drone Recoveries . | . . . . . . . . . . . . . . . . . . . . . . . . . Decoded 0b10 Intel 43 | . . . . . . . . . . . . . . . . . . . . 5 19 12 6 1 Traps 1 | . . . . . . . . . . . . . . . . . . . . . 1 . . . Emergency Access 6 | . . . . . . . . . . . . . . . . . . . . . 4 2 . . Items 30 | . . . . . . . . . . . . . . . . . . . . 4 11 9 5 1 Machines 3 | . . . . . . . . . . . . . . . . . . . . . 1 1 1 . Patrols 3 | . . . . . . . . . . . . . . . . . . . . 1 2 . . . Exploration | -11 -10 -10 -9 -9 -6 -6 -6 -6 -5 -5 -5 -5 -5 -4 -4 -4 -4 -4 -3 -3 -3 -2 -2 -2 ------------- Run | Yrd Mat Sub Rec Scr Fac Low Low Dat Pro Fac Upp Upp Zhi Pro Fac Upp Upp War Pro Res Tes Res Qua Sec Turns Passed 24889 | 129 1386 6635 1428 4555 1280 477 1328 144 1009 1102 320 595 88 239 788 255 440 310 495 202 704 403 286 291 Spaces Moved 26741 | 47 534 2445 995 2201 2246 730 1343 97 1169 2478 842 955 197 630 1605 586 794 817 1132 451 1586 933 844 1084 Core 138 | 3 . . . 52 1 4 78 . . . . . . . . . . . . . . . . . Treads 1532 | 44 534 756 . 198 . . . . . . . . . . . . . . . . . . . . Legs . | . . . . . . . . . . . . . . . . . . . . . . . . . Wheels 4723 | . . 1689 995 1951 88 . . . . . . . . . . . . . . . . . . . Hover 5 | . . . . . . . . . 5 . . . . . . . . . . . . . . . Flight 19797 | . . . . . 2157 726 1265 97 1164 2478 842 955 197 630 1605 586 794 817 1132 451 1586 933 844 538 Fastest Speed 26 | 50 160 107 130 110 27 29 37 39 33 26 33 33 33 33 33 34 34 34 34 34 34 28 28 28 Average Speed 67 | 152 219 170 138 177 32 33 69 39 40 30 33 33 33 33 34 34 34 34 34 34 34 28 28 30 Slowest Speed 1000 | 160 240 240 155 1000 350 250 200 39 180 120 33 33 33 33 117 34 34 34 34 34 117 34 28 105 Overloaded Moves . | . . . . . . . . . . . . . . . . . . . . . . . . . Propulsion Burnouts . | . . . . . . . . . . . . . . . . . . . . . . . . . Robots Hopped 81 | . . . . . 19 1 . . . 19 3 . . . 12 . 1 . . . 13 9 2 2 Potential Cave-ins . | . . . . . . . . . . . . . . . . . . . . . . . . . Cave-ins Triggered . | . . . . . . . . . . . . . . . . . . . . . . . . . Teleports 1 | . . . . . . . . . . . . . . . . . . . . . . . . 1 Microwarps 35 | . . . . . . . . . . . . . . . . . . . . . . . . 35 Exploration Rate (%) 72 | 4 80 95 99 95 57 77 94 74 90 62 87 92 60 84 44 72 96 97 90 12 85 30 76 69 Regions Visited 24 Branch Regions 18 Pre-discovered Areas 26 | . 1 . 5 4 2 . 2 1 1 . . 1 3 . 1 1 3 1 . . . . . . Known Exits Taken 21 | . . . 1 1 1 1 1 1 1 1 1 1 1 1 1 1 1 1 1 1 1 1 1 . Unknown Exits Taken 3 | 1 1 1 . . . . . . . . . . . . . . . . . . . . . . Scrap Searched 54 | . . 14 . 13 . 1 9 . 3 . 3 3 . 1 . 1 4 . 2 . . . . . Spaces Dug 203 | . . 3 . . 21 11 20 . 2 47 2 1 . 15 27 . 5 . 1 3 15 18 10 2 Terrain Destroyed 455 | . . 4 3 . 63 21 86 . 2 80 19 1 . 36 86 . 5 . 1 3 15 18 10 2 Melee 175 | . . 3 . . 17 11 7 . 2 47 2 1 . 4 27 . 5 . 1 3 15 18 10 2 Projectile 4 | . . 1 3 . . . . . . . . . . . . . . . . . . . . . AOE 276 | . . . . . 46 10 79 . . 33 17 . . 32 59 . . . . . . . . . Terrain Rammed . | . . . . . . . . . . . . . . . . . . . . . . . . . Walls Destroyed . | . . . . . . . . . . . . . . . . . . . . . . . . . Machines Disabled . | . . . . . . . . . . . . . . . . . . . . . . . . . Actions | -11 -10 -10 -9 -9 -6 -6 -6 -6 -5 -5 -5 -5 -5 -4 -4 -4 -4 -4 -3 -3 -3 -2 -2 -2 --------- Run | Yrd Mat Sub Rec Scr Fac Low Low Dat Pro Fac Upp Upp Zhi Pro Fac Upp Upp War Pro Res Tes Res Qua Sec Total 32523 | 82 672 4830 1027 2853 2710 944 1704 202 1692 2718 871 1225 219 651 1743 641 952 849 1238 487 1696 1023 869 625 Wait 5245 | . 71 2237 12 605 316 184 295 105 493 112 26 255 2 15 64 56 150 22 86 6 69 60 3 1 Move 26049 | 46 533 2444 994 2200 2209 727 1342 96 1168 2439 835 954 196 629 1580 585 791 816 1131 450 1561 915 839 569 Hop 76 | . . . . . 17 1 . . . 19 3 . . . 12 . 1 . . . 11 8 2 2 Pick Up 128 | 10 12 19 4 22 11 . 12 . 4 4 . 3 4 . 5 . . 1 5 . . 3 7 2 Fast Attach 97 | 6 2 2 1 7 20 . 6 . 4 10 . . 3 . 6 . 3 5 1 1 7 2 . 11 Attach 56 | . . 3 . 2 28 2 3 . . . . . 2 . 4 . . . . 1 . 3 1 7 Detach 46 | . 1 2 . 5 24 4 2 . . . . . 1 . . . . 1 . . 1 1 . 4 Swap 80 | . 3 15 . . 7 3 11 . 3 11 1 5 2 . 7 . . . 4 1 5 1 . 1 Drop 164 | 2 4 38 5 12 21 3 13 . 8 17 . 3 5 . 7 . 1 4 6 . 6 2 2 5 Fire 125 | 8 41 29 11 . 16 1 7 . . . 2 . . 3 7 . . . . . . . . . Melee 348 | . . 41 . . 41 11 13 1 7 62 4 5 4 4 51 . 6 . 3 7 24 26 15 23 Ram . | . . . . . . . . . . . . . . . . . . . . . . . . . Kick . | . . . . . . . . . . . . . . . . . . . . . . . . . Crush 15 | 10 5 . . . . . . . . . . . . . . . . . . . . . . . Escape Stasis . | . . . . . . . . . . . . . . . . . . . . . . . . . Rewire 12 | . . . . . . 8 . . 4 . . . . . . . . . . . . . . . Trap 80 | . . . . . . . . . 1 44 . . . . . . . . 2 21 12 . . . Miscellaneous 2 | . . . . . . . . . . . . . . . . . . . . . . 2 . . Route ------- -11/Scrapyard -10/Materials (discovered 4 exits: [*Mat x2] / [*Min] / *Sub) -10/Subcaves (discovered 4 exits: [*Mat x2] / *Rec / *Scr) -9/Recycling (discovered 2 exits: [*Fac] / *Scr) -9/Scraptown (discovered 2 exits: *Fac x2) -6/Factory (discovered 8 exits: Fac x4 / *Low x2 / Ext x2) -6/Lower Caves -6/Lower Caves (discovered 2 exits: *Fac / *Dat) -6/Data Miner -5/Proximity Caves -5/Factory (discovered 6 exits: *Fac x4 / *Upp x2) -5/Upper Caves -5/Upper Caves (discovered 2 exits: *Fac / *Zhi) -5/Zhirov -4/Proximity Caves -4/Factory (discovered 7 exits: *Res x4 / *Upp x2 / Arm) -4/Upper Caves -4/Upper Caves (discovered 2 exits: *Res / *War) -4/Warlord -3/Proximity Caves -3/Research (discovered 4 exits: *Res x2 / *Tes x2) -3/Testing -2/Research (discovered 5 exits: Acc x3 / *Qua x2) -2/Quarantine (discovered 3 exits: Acc / *Sec / *Frg) -2/Section 7 History --------- Turn | Location | Event 39 | -11/Scrapyard | Discovered new exit (range 15) 130 | -11/Scrapyard | Entered Materials 305 | -10/Materials | Build established: Mutant 398 | -10/Materials | Discovered new exit (range 14) 637 | -10/Materials | Discovered new exit (range 7) 1225 | -10/Materials | Discovered new exit (range 16) 1266 | -10/Materials | Central database locked down 1507 | -10/Materials | Discovered new exit (range 4) 1516 | -10/Materials | Entered Subcaves 1517 | -10/Subcaves | Approached by a straggling Scientist 1588 | -10/Subcaves | Discovered new exit (range 16) 1695 | -10/Subcaves | A swath of the cavern ceiling suddenly collapsed 4016 | -10/Subcaves | Visited triangular shrine 4031 | -10/Subcaves | Found Prototype Device 4031 | -10/Subcaves | Identified V3-11A's Pendant 4036 | -10/Subcaves | Befriended Subdweller 4166 | -10/Subcaves | Befriended Subdweller 4310 | -10/Subcaves | Shifting Twisted Machinery released Battle Cannon 4313 | -10/Subcaves | Shifting Twisted Machinery released Spk. Treads 4322 | -10/Subcaves | Shifting Twisted Machinery released Flamer 4372 | -10/Subcaves | Shifting Twisted Machinery released Sub. Laser 4391 | -10/Subcaves | A swath of the cavern ceiling suddenly collapsed 4554 | -10/Subcaves | Discovered new exit (range 6) 4584 | -10/Subcaves | Disturbed a concealed Subdweller 4586 | -10/Subcaves | Befriended Subdweller 4681 | -10/Subcaves | Befriended Subdweller 4686 | -10/Subcaves | Befriended Subdweller 4691 | -10/Subcaves | Befriended Subdweller 4696 | -10/Subcaves | Befriended Subdweller 4807 | -10/Subcaves | Befriended Subdweller 4817 | -10/Subcaves | Befriended Subdweller 5277 | -10/Subcaves | Befriended Subdweller 5277 | -10/Subcaves | Befriended Subdweller 5362 | -10/Subcaves | Visited 4L-MR0's lab 5377 | -10/Subcaves | Found Power Bank 5519 | -10/Subcaves | Discovered new exit (range 5) 5552 | -10/Subcaves | Befriended Subdweller 5577 | -10/Subcaves | Befriended Subdweller 5587 | -10/Subcaves | Befriended Subdweller 5587 | -10/Subcaves | Befriended Subdweller 5598 | -10/Subcaves | Learned Materials emergency access door positions 6367 | -10/Subcaves | Shifting Twisted Machinery released Battle Rifle 6444 | -10/Subcaves | Core integrity fell below 50% 7151 | -10/Subcaves | Build established: Scavenger-Mutant 7625 | -10/Subcaves | Learned 2 Materials zone layouts 7685 | -10/Subcaves | Found SUBCON Basin 7724 | -10/Subcaves | Visited Clippyterm 7727 | -10/Subcaves | Learned Research security intel 7727 | -10/Subcaves | Learned Research machine intel 8151 | -10/Subcaves | Entered Recycling 8151 | -9/Recycling | Accompanied by 14 allies 8348 | -9/Recycling | Discovered new exit (range 5) 9346 | -9/Recycling | Learned Materials repair station intel 9385 | -9/Recycling | Identified exit to Scraptown 9448 | -9/Recycling | Learned Materials terminal intel 9449 | -9/Recycling | Learned Storage trap positions 9474 | -9/Recycling | Learned 2 Materials zone layouts 9474 | -9/Recycling | Scanned before Scraplab entrance 9495 | -9/Recycling | Entered Scraplab 9536 | -9/Recycling | Found SUBCON Basin 9579 | -9/Recycling | Entered Scraptown 9579 | -9/Scraptown | Accompanied by 13 allies 10070 | -9/Scraptown | Heard Great Nut preacher, LISTEN AND RECITE! 10467 | -9/Scraptown | Build established: Mutant 10658 | -9/Scraptown | Delivered V3-11A's Pendant to T0-NE2 in exchange for information 11059 | -9/Scraptown | Discovered new exit (range 5) 11179 | -9/Scraptown | Visited Cyclists 11215 | -9/Scraptown | Visited Assassins FH 11244 | -9/Scraptown | Visited Cave Peace 11257 | -9/Scraptown | Visited Bundlers 11280 | -9/Scraptown | Visited UFD Registry 11280 | -9/Scraptown | Registered with UFD as "Maceback" 11302 | -9/Scraptown | Visited TADAMA 11335 | -9/Scraptown | Visited IN-MT5's Study 11380 | -9/Scraptown | Entered Cyclist Reading Room 11569 | -9/Scraptown | Visited CPS Storage 11632 | -9/Scraptown | Visited Junk Repository 11679 | -9/Scraptown | Visited Science Guys 11755 | -9/Scraptown | Visited Chapter 10 11832 | -9/Scraptown | Delivered Scrap Shield to a Scientist 12025 | -9/Scraptown | Visited Analyses Database 12058 | -9/Scraptown | Visited DA-N13 Charitable Foundation 12075 | -9/Scraptown | Found DCF Scrap (31 items) 12113 | -9/Scraptown | Visited A0-MCA Data Center 12122 | -9/Scraptown | Given a C- rating by A0-MCA 12134 | -9/Scraptown | Found A0-MCA's Component Scanner 12179 | -9/Scraptown | Visited Abandonware Association 12194 | -9/Scraptown | Learned abandonware demo "ERRANTS.EXE" 12194 | -9/Scraptown | Learned abandonware demo "TRNCOAT.EXE" 12242 | -9/Scraptown | Visited Curators Association 12269 | -9/Scraptown | Visited Cartography Club 12587 | -9/Scraptown | Found Surveybot 17 Chip 13830 | -9/Scraptown | Learned location of Recycling (-9) 13830 | -9/Scraptown | Learned location of Testing (-3) 13830 | -9/Scraptown | Learned 24 Factory zone layouts 13830 | -9/Scraptown | Learned 12 Research zone layouts 13830 | -9/Scraptown | Learned 16 Lower Caves zone layouts 13830 | -9/Scraptown | Learned 20 Upper Caves zone layouts 13830 | -9/Scraptown | Learned 24 Upper Caves zone layouts 13830 | -9/Scraptown | Learned 12 Proximity Caves zone layouts 13830 | -9/Scraptown | Learned Materials emergency access door positions 13830 | -9/Scraptown | Learned location of 1 exit from Research 13830 | -9/Scraptown | Learned location of 1 exit from Proximity Caves 13830 | -9/Scraptown | Identified exit to Factory 14025 | -9/Scraptown | Met Optimus 14025 | -9/Scraptown | Accepted into 0bPrime 14134 | -9/Scraptown | Entered Factory 14134 | -6/Factory | Accompanied by 13 allies 14134 | -6/Factory | Evolved 8 slots: Propulsion x2, Utility x6 14135 | -6/Factory | Identified exit to Factory 14135 | -6/Factory | Identified exit to Lower Caves 14135 | -6/Factory | Identified exit to Extension 14372 | -6/Factory | Tech Extrapolator generated special schematic: Deep Structural Scanner 14383 | -6/Factory | Loaded intel: 8 recycling unit locations 14428 | -6/Factory | Lost 3 allies 14545 | -6/Factory | Fabricated Deep Structural Scanner (x1) 14571 | -6/Factory | Spotted B-75 Beast 14618 | -6/Factory | Learned location of Protoforge (-2) 15002 | -6/Factory | Fabricated Fusion Bomb Launcher? 15073 | -6/Factory | Lost 6 parts (1p2n3u) 15189 | -6/Factory | Lost 3 parts (1n2u) 15250 | -6/Factory | Loaded intel: 70 trap records 15251 | -6/Factory | Repaired Mic. Nuclear Core? 15288 | -6/Factory | Learned 4 Factory zone layouts 15316 | -6/Factory | Learned Hub_04(d) trap positions 15334 | -6/Factory | Learned location of Proximity Caves (-3) 15342 | -6/Factory | Learned Extension stockpile data 15343 | -6/Factory | Learned location of 1 exit from Upper Caves 15352 | -6/Factory | Learned 2 Proximity Caves zone layouts 15371 | -6/Factory | Learned location of 1 exit from Proximity Caves 15414 | -6/Factory | Entered Lower Caves 15415 | -6/Lower Caves | Identified exit to Lower Caves 15416 | -6/Lower Caves | UFD Scientist delivered a prototype 15433 | -6/Lower Caves | Acquired the password to a Derelict Tinkerer's latest research 15490 | -6/Lower Caves | Tech Extrapolator generated special schematic: Energy Deflector 15613 | -6/Lower Caves | Tech Extrapolator generated special schematic: Machine Rigger 15810 | -6/Lower Caves | Learned Factory trap positions 15891 | -6/Lower Caves | Entered another Lower Caves area 15902 | -6/Lower Caves | Discovered exit to Factory (range 15) 15957 | -6/Lower Caves | Build established: Hacker-Mutant 16037 | -6/Lower Caves | Prototype Device suddenly appears! 16078 | -6/Lower Caves | Found Prototype Device 16078 | -6/Lower Caves | Identified Amulet of Y3-NDR 16109 | -6/Lower Caves | Joined by bewildered Wizard 16111 | -6/Lower Caves | Joined by bewildered Wizard 16112 | -6/Lower Caves | Joined by bewildered Wizard 16209 | -6/Lower Caves | Joined by bewildered Wizard 16209 | -6/Lower Caves | Joined by bewildered Wizard 16486 | -6/Lower Caves | Discovered new exit (range 15) 16501 | -6/Lower Caves | Identified exit to Data Miner 16678 | -6/Lower Caves | Encountered a Warlord checkpoint 16688 | -6/Lower Caves | Learned location of Extension (-6) 16792 | -6/Lower Caves | Entered a destroyed Warlord outpost 17113 | -6/Lower Caves | Attacked by a delusional Derelict stockpiling parts 17219 | -6/Lower Caves | Entered Data Miner 17219 | -6/Data Miner | Discovered new exit (range 6) 17227 | -6/Data Miner | Met Data Miner 17240 | -6/Data Miner | Learned location of Section 7 (-2) 17240 | -6/Data Miner | Acquired the access code to Warlord's prototype stash 17246 | -6/Data Miner | Received God Mode back door access code from Data Miner 17362 | -6/Data Miner | Identified exit to Proximity Caves 17363 | -6/Data Miner | Entered Proximity Caves 17476 | -5/Proximity Caves | Build established: Trapper-Mutant 17534 | -5/Proximity Caves | Joined by bewildered Wizard 17566 | -5/Proximity Caves | Joined by bewildered Wizard 17566 | -5/Proximity Caves | Joined by bewildered Wizard 17566 | -5/Proximity Caves | Joined by bewildered Wizard 17574 | -5/Proximity Caves | Joined by bewildered Wizard 17704 | -5/Proximity Caves | Lost 3 allies 18372 | -5/Proximity Caves | Spotted B-75 Beast 18372 | -5/Proximity Caves | Entered Factory 18372 | -5/Factory | Evolved 2 slots: Propulsion x2 18373 | -5/Factory | Identified exit to Upper Caves 18375 | -5/Factory | Loaded intel: 99 trap records 18452 | -5/Factory | Discovered new exit (range 19) 18502 | -5/Factory | Repaired Xenon Bombardment Thruster 18545 | -5/Factory | Loaded intel: 8 recycling unit locations 18797 | -5/Factory | Build established: Trapper-Scout 18888 | -5/Factory | Learned Quarantine trap positions 18974 | -5/Factory | Identified exit to Factory 18984 | -5/Factory | Learned Extension emergency access door positions 18993 | -5/Factory | Learned Testing scanalyzer intel 19010 | -5/Factory | Learned location of 1 exit from Proximity Caves 19039 | -5/Factory | Learned 4 Factory zone layouts 19099 | -5/Factory | Discovered exit to Factory (range 8) 19272 | -5/Factory | First assault squad dispatched 19474 | -5/Factory | Entered Upper Caves 19475 | -5/Upper Caves | Identified exit to Upper Caves 19562 | -5/Upper Caves | Encountered a Warlord checkpoint 19600 | -5/Upper Caves | Ambushed by wild Derelicts 19722 | -5/Upper Caves | Learned Factory interactive machine intel 19775 | -5/Upper Caves | Learned Factory stockpile data 19794 | -5/Upper Caves | Entered another Upper Caves area 19800 | -5/Upper Caves | Entered a destroyed Warlord outpost 19825 | -5/Upper Caves | Encountered a Warlord checkpoint 19919 | -5/Upper Caves | Learned location of Warlord (-4) 20006 | -5/Upper Caves | Discovered new exit (range 5) 20007 | -5/Upper Caves | Identified exit to Zhirov 20389 | -5/Upper Caves | Entered Zhirov 20389 | -5/Zhirov | Discovered new exit (range 3) 20397 | -5/Zhirov | Met Zhirov 20412 | -5/Zhirov | Zhirov requested help retrieving the SGEMP Prototype 20413 | -5/Zhirov | Learned location of Command (-1) 20425 | -5/Zhirov | Found Alien Artifact 20425 | -5/Zhirov | Identified Integrated Dissipator 20425 | -5/Zhirov | Installed Integrated Dissipator, increased core heat dissipation (+20) 20449 | -5/Zhirov | Found Alien Artifact 20475 | -5/Zhirov | Identified exit to Proximity Caves 20477 | -5/Zhirov | Entered Proximity Caves 20716 | -4/Proximity Caves | Entered Factory 20716 | -4/Factory | Evolved 2 slots: Utility x2 20717 | -4/Factory | Identified exit to Research 20717 | -4/Factory | Identified exit to Armory 20720 | -4/Factory | Loaded intel: 54 interactive machine locations 20738 | -4/Factory | Build established: Trapper-Ninja 20742 | -4/Factory | Joined by bewildered Wizard 20742 | -4/Factory | Joined by bewildered Wizard 20743 | -4/Factory | Joined by bewildered Wizard 20816 | -4/Factory | Loaded intel: 8 recycling unit locations 20849 | -4/Factory | Joined by bewildered Wizard 20856 | -4/Factory | Joined by bewildered Wizard 20880 | -4/Factory | Joined by bewildered Wizard 20902 | -4/Factory | Joined by bewildered Wizard 21022 | -4/Factory | Fabricated D-63 Destroyer (x1) 21231 | -4/Factory | Joined by bewildered Wizard 21278 | -4/Factory | Discovered new exit (range 12) 21296 | -4/Factory | Build established: Trapper-Scout 21308 | -4/Factory | Repaired Adv. Terrain Scanner 21345 | -4/Factory | Identified exit to Upper Caves 21420 | -4/Factory | Learned Research interactive machine intel 21454 | -4/Factory | Learned 12 Factory zone layouts 21477 | -4/Factory | Discovered exit to Upper Caves (range 20) 21479 | -4/Factory | Learned location of 2 exits from Factory 21501 | -4/Factory | Learned Research garrison access intel 21504 | -4/Factory | Entered Upper Caves 21506 | -4/Upper Caves | Attracted the attention of an 0b10 checkpoint 21565 | -4/Upper Caves | Learned Research trap positions 21584 | -4/Upper Caves | Joined by bewildered Wizard 21584 | -4/Upper Caves | Joined by bewildered Wizard 21601 | -4/Upper Caves | Joined by bewildered Wizard 21601 | -4/Upper Caves | Joined by bewildered Wizard 21658 | -4/Upper Caves | Joined by bewildered Wizard 21658 | -4/Upper Caves | Joined by bewildered Wizard 21675 | -4/Upper Caves | Joined by bewildered Wizard 21675 | -4/Upper Caves | Joined by bewildered Wizard 21686 | -4/Upper Caves | Lost 5 allies 21724 | -4/Upper Caves | Discovered new exit (range 22) 21731 | -4/Upper Caves | Identified exit to Upper Caves 21752 | -4/Upper Caves | Found DCF Scrap (14 items) 21759 | -4/Upper Caves | Entered another Upper Caves area 21759 | -4/Upper Caves | Accompanied by 4 allies 21796 | -4/Upper Caves | Discovered exit to Research (range 19) 21856 | -4/Upper Caves | Found Alien Artifact 21856 | -4/Upper Caves | Identified Core Expander 21856 | -4/Upper Caves | Installed Core Expander, added new Utility slot 21876 | -4/Upper Caves | Encountered a Warlord checkpoint 21928 | -4/Upper Caves | Learned Research terminal intel 21936 | -4/Upper Caves | Joined by bewildered Wizard 21936 | -4/Upper Caves | Joined by bewildered Wizard 21965 | -4/Upper Caves | Joined by bewildered Wizard 21966 | -4/Upper Caves | Joined by bewildered Wizard 21969 | -4/Upper Caves | Joined by bewildered Wizard 21981 | -4/Upper Caves | Discovered new exit (range 13) 21984 | -4/Upper Caves | Identified exit to Warlord 22016 | -4/Upper Caves | Joined by bewildered Wizard 22076 | -4/Upper Caves | Attracted the attention of an 0b10 base 22081 | -4/Upper Caves | Learned Research trap positions 22081 | -4/Upper Caves | Learned Factory terminal intel 22081 | -4/Upper Caves | Learned Research terminal intel 22081 | -4/Upper Caves | Learned Research garrison access intel 22081 | -4/Upper Caves | Learned Armory garrison access intel 22117 | -4/Upper Caves | Joined by bewildered Wizard 22117 | -4/Upper Caves | Joined by bewildered Wizard 22119 | -4/Upper Caves | Lost 3 allies 22199 | -4/Upper Caves | Entered Warlord 22199 | -4/Warlord | Accompanied by 3 allies 22213 | -4/Warlord | Discovered new exit (range 16) 22233 | -4/Warlord | System corruption cleaned by Quarantine Array 22268 | -4/Warlord | Learned 4 Research zone layouts 22268 | -4/Warlord | Learned 4 Quarantine zone layouts 22269 | -4/Warlord | Learned Research fabricator intel 22269 | -4/Warlord | Learned Research scanalyzer intel 22344 | -4/Warlord | Opened Warlord's prototype stash 22347 | -4/Warlord | Found Prototype Processor 22347 | -4/Warlord | Identified Exp. Core Analyzer 22350 | -4/Warlord | Found Prototype Device 22350 | -4/Warlord | Identified Thermal Barrier 22400 | -4/Warlord | Visited the Vortex Lab 22412 | -4/Warlord | Warlord's base attacked by MAIN.C 22439 | -4/Warlord | Rebuked by Warlord 22473 | -4/Warlord | Opened side exit 22509 | -4/Warlord | Identified exit to Proximity Caves 22509 | -4/Warlord | Entered Proximity Caves 22590 | -3/Proximity Caves | Joined by bewildered Wizard 22590 | -3/Proximity Caves | Joined by bewildered Wizard 22647 | -3/Proximity Caves | Joined by bewildered Wizard 22648 | -3/Proximity Caves | Joined by bewildered Wizard 22784 | -3/Proximity Caves | Spotted B-86 Titan 22893 | -3/Proximity Caves | Joined by bewildered Wizard 22894 | -3/Proximity Caves | Joined by bewildered Wizard 23004 | -3/Proximity Caves | Entered Research 23004 | -3/Research | Accompanied by 3 allies 23004 | -3/Research | Evolved 2 slots: Utility x2 23005 | -3/Research | Identified exit to Research 23006 | -3/Research | Identified exit to Testing 23007 | -3/Research | Loaded intel: 69 trap records 23009 | -3/Research | Loaded intel: 109 machine locations 23010 | -3/Research | Loaded intel: 46 interactive machine locations 23011 | -3/Research | Loaded intel: 23 terminal locations 23012 | -3/Research | Loaded intel: 4 fabricator locations 23013 | -3/Research | Loaded intel: 6 scanalyzer locations 23014 | -3/Research | Loaded intel: 4 garrison access locations 23073 | -3/Research | Joined by bewildered Wizard 23074 | -3/Research | Joined by bewildered Wizard 23074 | -3/Research | Joined by bewildered Wizard 23083 | -3/Research | Garrison activated, responded to threat 23085 | -3/Research | Joined by bewildered Wizard 23108 | -3/Research | Joined by bewildered Wizard 23134 | -3/Research | Spotted B-86 Titan 23136 | -3/Research | Garrison activated, responded to threat 23160 | -3/Research | Joined by bewildered Wizard 23206 | -3/Research | Entered Testing 23206 | -3/Testing | Accompanied by 1 ally 23207 | -3/Testing | Loaded intel: 3 scanalyzer locations 23285 | -3/Testing | Discovered exit to Research (range 19) 23393 | -3/Testing | Build established: Hacker-Scout 23546 | -3/Testing | Found Prototype Device 23546 | -3/Testing | Identified 2N-1CE's Frost Array 23638 | -3/Testing | Protovariant out of control (PD-AJKOIIY7SX) 23638 | -3/Testing | Unleashed a protovariant (PD-AJKOIIY7SX) 23660 | -3/Testing | Incoming assault squad redirected 23678 | -3/Testing | Spotted PD-AJKOIIY7SX 23704 | -3/Testing | Protovariant out of control (PD-HRT8OBC8AU) 23704 | -3/Testing | Unleashed a protovariant (PD-HRT8OBC8AU) 23720 | -3/Testing | Incoming assault squad redirected 23737 | -3/Testing | Incoming investigation squad redirected 23768 | -3/Testing | Fabricated D-63 Destroyer (x1) 23779 | -3/Testing | Spotted Striker 23780 | -3/Testing | Spotted Striker 23809 | -3/Testing | Spotted Alpha 7 23910 | -3/Testing | Entered Research 23910 | -2/Research | Evolved 2 slots: Propulsion x1, Utility x1 23911 | -2/Research | Loaded intel: 97 trap records 23912 | -2/Research | Loaded intel: 23 terminal locations 23913 | -2/Research | Loaded intel: 3 garrison access locations 23964 | -2/Research | Spotted B-90 Cyclops 24014 | -2/Research | Loaded intel: 5 recycling unit locations 24021 | -2/Research | Identified Transdimensional Reconstructor 24031 | -2/Research | Identified exit to Access 24031 | -2/Research | Identified exit to Quarantine 24148 | -2/Research | Repaired Field Propulsion Array 24226 | -2/Research | Build established: Hacker-Ninja 24264 | -2/Research | Spotted B-90 Cyclops 24272 | -2/Research | Found Gamma Bomb Array 24313 | -2/Research | Entered Quarantine 24315 | -2/Quarantine | Loaded intel: 16 trap records 24345 | -2/Quarantine | Found Alien Artifact 24398 | -2/Quarantine | Identified Core Reset Matrix 24409 | -2/Quarantine | Found Alien Reactor 24414 | -2/Quarantine | Identified Matter Drive 24493 | -2/Quarantine | Found Alien Artifact 24505 | -2/Quarantine | Identified Subatomic Replicator 24552 | -2/Quarantine | Spotted Fortress 24594 | -2/Quarantine | Discovered new exit (range 14) 24596 | -2/Quarantine | Discovered new exit (range 6) 24597 | -2/Quarantine | Identified exit to Section 7 24598 | -2/Quarantine | Identified exit to Protoforge 24599 | -2/Quarantine | Entered Section 7 24630 | -2/Section 7 | Scanned by Researcher 24643 | -2/Section 7 | Found Alien Artifact 24643 | -2/Section 7 | Identified Microwarp Drive 24690 | -2/Section 7 | Found Alien Artifact 24690 | -2/Section 7 | Identified Integrated Mediator 24690 | -2/Section 7 | Installed Integrated Mediator, increased core attachment efficiency 24705 | -2/Section 7 | Spotted S7 Guard 24713 | -2/Section 7 | Spotted B-90 Cyclops 24716 | -2/Section 7 | Spotted Executioner 24716 | -2/Section 7 | Spotted Executioner 24718 | -2/Section 7 | Spotted Alpha 7 24719 | -2/Section 7 | Spotted Alpha 7 24719 | -2/Section 7 | Spotted B-99 Colossus 24732 | -2/Section 7 | Found Alien Artifact 24732 | -2/Section 7 | Identified LRC Inertial Stabilizer 24732 | -2/Section 7 | Installed LRC Inertial Stabilizer, increased mass support (+10) 24734 | -2/Section 7 | Found Alien Artifact 24734 | -2/Section 7 | Identified LRC Armor 24734 | -2/Section 7 | Installed LRC Armor, increased core integrity (+250) 24769 | -2/Section 7 | Found Alien Artifact 24769 | -2/Section 7 | Identified Integrity Redistributor 24769 | -2/Section 7 | Used Integrity Redistributor, redistributed integrity from core (-75) 24781 | -2/Section 7 | Spotted Executioner 24781 | -2/Section 7 | Spotted Executioner 24786 | -2/Section 7 | Spotted Striker 24786 | -2/Section 7 | Spotted Striker 24787 | -2/Section 7 | Core integrity fell below 50% 24803 | -2/Section 7 | Found Alien Artifact 24803 | -2/Section 7 | Identified Hpw. Transdimensional Reconstructor 24803 | -2/Section 7 | Warped through subspace 24823 | -2/Section 7 | Found Alien Artifact 24823 | -2/Section 7 | Identified Terrabomb 24823 | -2/Section 7 | Used Terrabomb 24833 | -2/Section 7 | Core integrity fell below 20% 24865 | -2/Section 7 | Used Core Reset Matrix 24869 | -2/Section 7 | Detected hypermatrix surge 24869 | -2/Section 7 | Sensed 13 artifacts in vicinity 24890 | -2/Section 7 | Destroyed by Striker with Plasma Lance Last Messages --------------- 24856_ Field Propulsion Array destroyed. 24857_ Slug penetrates L2 Fabricator. 24858_ P-80 Master resets P-80 Master, system corruption cleaned. 24858_ Slug penetrates Executioner. 24858_ Executioner suffers critical hit (Destroy). 24858_ Executioner destroyed. 24859_ Field Propulsion Array destroyed. 24860_ Adv. Sensor Array destroyed. 24862_ P-80 Master resets Striker, system corruption cleaned. 24863_ Acquired Micro-nuke Launcher. 24864_ Adv. Hacking Suite destroyed. 24865_ Wiping memory... 24865_ CORE RESET 24869_ Detected hypermatrix surge. 24869_ Sensed 13 artifacts in vicinity. 24877_ System corrupted: Substantial component data lost. Map ----- +----------------------------------------------------+ | | | | | | | | | | | | | | | | | | | | | | | | | ?????????????????????????????????????? | | ?????????????????????????????????????? | | ?????????????????????????????????????? | | ?????????????????????????????????????? | | ?????????????????????????????????????? | | ?????????????????????????????????????? | | ?????????????????????????????????????? | | ?????????????????????????????????????? | | ?????????????????????????????????????? | | ?????????????????????????????????????? | | ###############################??????? | | """""""" """"""""""""""#??????? | | " " " """""""""""""#??????? | | """"pEp pKK@ """#??????? | | """"""""""""#??????? | | """"""""""""" ???? | | "" """""" """"""#### #?? | | " """""""""""""#??????? | | "" """"""" """"""""""""#??????? | | ???" " """""""""?????????? | | ????????" """ ""???????[?[?? | | """ ""?????????[?? | | % ""??????????? | | % """?????????? | | "?????????? | | "#??????? | | ""#??????? | | """ "#??????? | | ?" %#??????? | | ?" #?????? | | #?????? | | ##?????? | | "" "#??????? | | " ""#??????? | | """" "" ""#??????? | | """"""" "???? ""???????? | | ??????" ?????" ""???????? | | ??????" ?????? "????????? | +----------------------------------------------------+ Best States ------------- Heat Dissipation 69 Energy Generation 23 Energy Capacity 315 Matter Stores 300 Matter Capacity 300 Sight Range 23 Robot Scan Range 16 Terrain Scan Range 20 Terrain Scan Density 1210 ECM Strength 1 Jamming Range 14 Armor Coverage 150 Evasion (%) 64 Recoil Reduction 2 Offensive Hacking 28 Defensive Hacking 26 Trap Extractor Capacity 8 Item Schematics ----------------- None Robot Schematics ------------------ None Fabricated ------------ Deep Structural Scanner | x1 | -6/Factory Fusion Bomb Launcher | x1 | -6/Factory | Preloaded D-63 Destroyer | x1 | -4/Factory D-63 Destroyer | x1 | -3/Testing Repaired ---------- Mic. Nuclear Core | 28% | -6/Factory Xenon Bombardment Thruster | 50% | -5/Factory Adv. Terrain Scanner | 45% | -4/Factory Field Propulsion Array | 25% | -2/Research Alien Tech Used ----------------- Integrated Dissipator Core Expander Microwarp Drive Integrated Mediator LRC Inertial Stabilizer LRC Armor Integrity Redistributor High-powered Transdimensional Reconstructor Terrabomb Core Reset Matrix Achievements -------------- Signature Confirmed Challenges ------------ None Game ------ Seed IntegratedDefenseTelecube Manual? 0 Play Time 05:33:23 Cumulative 254.9 hours Start 2025.08.08 @ 13:54:23 End 2025.08.20 @ 14:42:19 Sessions 38 Manual Loads 0 Difficulty Rogue Special Mode None Game No. 138 Rogue 135 Adventurer 3 Explorer 0 Win Type - Total 5 Types 4/0/1/0/0/0/0/0/0/0 Lore% 71 Gallery% 69 Achievement% 58 Wizard Run 0 Options --------- Layout 1 ASCII 0 Keyboard 1 Movement Vi Keybinds 0 Fullscreen 1 Font 28/SmallcapsGlow Map View 50x43 Zoom Use 0% Tactical HUD 1 Map Filters NONE Filters NONE Steam X RUN: f1372c03-fa77-4d3a-8f01-2547926c249b